 Dungeon Crawl Stone Soup version 0.31.0-32-g396128a36d (webtiles) character file.

Game seed: 9804448437516690742

205 monsoonserge the Ruffian (level 5, -2/36 HPs)
             Began as an Octopode Fighter on Mar 13, 2024.
             Splashed by a jelly's acid (5 damage)
             ... in a sewer.
             The game lasted 00:04:52 (2349 turns).

monsoonserge the Ruffian (Octopode Fighter)         Turns: 2349, Time: 00:04:53

Health: -2/36      AC: -3    Str: 17    XL:     5   Next: 83%
Magic:  5/5        EV: 13    Int: 11    God:
Gold:   110        SH:  4    Dex: 11    Spells: 4/4 levels left

rFire   . .          .
                       - Unarmed
rCold   . . .        a - +0 buckler
rNeg    . . .        (helmet restricted)
rPois   .            (no amulet)
rElec   .            (no ring)
rCorr   .            (no ring)
SInv    .            (no ring)
Will    .....        (no ring)
Stlth   +++          (no ring)
HPRegen 0.26/turn    (no ring)
MPRegen 0.09/turn    (no ring)
                     (no ring)

%: no passive effects
@: corroded
A: almost no armour, amphibious, 8 rings, camouflage 1, gelatinous body 1,
(nimble swimmer 1), tentacles
a: no special abilities


You were in a sewer.
You visited 1 branch of the dungeon, and saw 3 of its levels.
You also visited: Sewer.

You collected 110 gold pieces.

Inventory:

Missiles
 k - 5 poisoned darts (quivered)
Armour
 a - a +0 buckler (worn)
Talismans
 i - a serpent talisman
Scrolls
 b - a scroll of blinking {unknown}
 c - 3 scrolls of identify {unknown}
 e - a scroll of enchant weapon {unknown}
 f - a scroll of enchant armour {unknown}
 g - a scroll of teleportation {unknown}
 j - a scroll of immolation {unknown}
 l - a scroll of torment {unknown}
Potions
 d - a potion of attraction {unknown}
 h - 3 potions of heal wounds {unknown}
 m - a potion of curing {unknown}
 n - a potion of haste {unknown}


   Skills:
 + Level 3.0 Fighting
 + Level 3.1 Dodging
 + Level 3.7 Stealth
 + Level 3.0 Shields
 * Level 4.9 Unarmed Combat


You had 4 spell levels left.
You didn't know any spells.
Your spell library was empty.

Dungeon Overview and Level Annotations

Branches:
Dungeon (3/15)              Sewer (1/1)

Altars:


Innate Abilities, Weirdness & Mutations

You cannot wear most types of armour.
You are amphibious.
You can wear up to eight rings at the same time.
Your skin changes colour to match your surroundings (Stealth+).
Your rubbery body absorbs attacks. (AC +1, EV +1)
((You are camouflaged when in or above water. (Stealth+)))
You have tentacles for arms and can constrict up to eight enemies at once.


Message History

You enter the shallow water.
You enter the shallow water.
Found a silvery potion.
n - a silvery potion You start resting.
HP restored.
You enter the shallow water.
You enter the shallow water.
You enter the shallow water.
A rat comes into view.
The rat squeaks loudly.
A ball python comes into view.
The ball python moves out of view.
A jelly comes into view.
You enter the shallow water.
Found a scroll labelled DIATYUMPUJ and a silvery potion.
The helpless giant cockroach fails to defend itself.
You bludgeon the giant cockroach!
You kill the giant cockroach!
A jelly comes into view.
You enter the shallow water.
The helpless jelly fails to defend itself.
You tentacle-slap the jelly.
Your tentacles burn!
The jelly is lightly wounded.
The jelly hits you.
You are splashed with acid!
You tentacle-slap the jelly.
Your tentacles burn!
You tentacle-slap the jelly, but do no damage.
Your squeeze misses the jelly.
The jelly is heavily wounded.
The jelly barely misses you.
You tentacle-slap the jelly.
Your tentacles burn!
The jelly is severely wounded.
The jelly hits you. The acid corrodes you!
You are splashed with acid!
* * * LOW HITPOINT WARNING * * *
You tentacle-slap the jelly.
Your tentacles burn!
* * * LOW HITPOINT WARNING * * *
The jelly is almost dead.
The jelly misses you.
You tentacle-slap the jelly but do no damage.
Your tentacles burn!
You die...

########## ####
...~.....#########~~##
~..~..~....~##!?#~...##
########..~..#~~@~~...#
###~..##J.~##~†#
##~~.##.##~..#
#...~###.~.##
##.~.~~~.~## #######
####~.~~~.### ...~.~#
##~.##.~~~..~#
..~..~###~~.##~~~.~.~~.#
####†.##.~.##.†~#~~.~.~~#


You could see a jelly.

Vanquished Creatures
  A scorpion zombie (D:3)
  4 gnolls (D:2)
  5 adders
  3 river rats
  2 ribbon worms
  3 bats
  10 endoplasms
  6 giant cockroaches
  2 goblins (D:3)
  7 hobgoblins
  2 jackals (D:1)
  2 kobolds (D:2)
  3 quokkas
  10 ball pythons
  A frilled lizard (D:1)
  6 rats
67 creatures vanquished.

Notes
Turn   | Place    | Note
-------+----------+-------------------------------------------
     0 | D:1      | monsoonserge the Octopode Fighter began the quest for the
                  | Orb.
     0 | D:1      | Reached XP level 1. HP: 16/16 MP: 1/1
   390 | D:1      | Reached XP level 2. HP: 21/21 MP: 2/2
   582 | D:1      | Reached skill level 3 in Unarmed Combat
   806 | D:2      | Reached skill level 1 in Stealth
   819 | D:2      | Reached XP level 3. HP: 18/26 MP: 3/3
   828 | D:2      | Reached XP level 4. HP: 8/31 MP: 4/4
   832 | D:2      | Reached skill level 4 in Unarmed Combat
  1995 | D:3      | Reached XP level 5. HP: 34/36 MP: 5/5
  2135 | D:3      | Found a glowing drain.
  2144 | Sewer    | Entered a sewer
  2349 | Sewer    | Splashed by a jelly's acid

Illustrated notes

Levels and vault maps discovered:
D:1:      psy_arrival_spokes, layout_basic, nrook_mini_vaults
D:2:      layout_basic, chequers_serial_rivers_large_b
D:3:      layout_basic, ebering_ecumenical_altar_ruins, serial_undead,
          serial_undead_a, serial_undead_c, serial_undead_e, serial_undead_d,
          portal_sewer_entry_e
Sewer:    sewer_hellmonk_slimy_pipes

Skill      XL: |  1  2  3  4  5 |
---------------+----------------+-----
Unarmed Combat | 3 4 |  4.9
Stealth        | 1 2 3 |  3.7
Fighting       | |  3.0
Dodging        | |  3.1
Shields        | |  3.0

Action                     |  1- 3 |  4- 6 || total
---------------------------+-------+-------++-------
  Melee: Unarmed           |    54 |    99 ||   153
         Constrict         |    14 |    17 ||    31
         Tentacles         |     8 |    15 ||    23
         Punch             |       |     1 ||     1
    Use: Potion            |     1 |       ||     1
   Stab: Sleeping          |     2 |    12 ||    14
         Distracted        |       |     1 ||     1
 Armour: Skin              |    18 |    35 ||    53
  Dodge: Dodged            |    47 |    36 ||    83
  Block: Buckler           |     2 |    21 ||    23
